AoeStats
← CamiloCor

Arabia

508543029Analyzed
3v3 RM · 11d ago on Sep 22, 2026· 97m 56s· 6 players
Game mode
Random Map
Map size
Normal (6 player)
Population
200
Speed
Normal
Resources
Standard
Victory
Conquest
Starting age
Dark Age
Ending age
Imperial Age
RankedLock teamsTeams togetherTeam positionsShared explorationLock speedFull tech treeHidden civsTurbo modeCheats
Victory
Defeat
🇨🇴 Italians · Colombia
1166
+12
🇲🇽 Mongols · Mexico
1158
+12
🇮🇱 Berbers · Israel
1117
+14
🇨🇴 Maya · Colombia
1127
-15
🇨🇴 Magyars · Colombia
1060
-12
🇨🇴 Burmese · Colombia
1040
-11
Spitfire
8:03 Loom
10:42 Feudal Age
11:10 Double-Bit Axe
12:56 Horse Collar
20:57 Castle Age
20:05 Gold Mining
22:42 Bloodlines
22:36 Husbandry
23:25 Bow Saw
25:12 Scale Barding Armor
30:58 Wheelbarrow
30:59 Chain Barding Armor
32:54 Stone Mining
33:39 Hand Cart
33:10 Town Watch
33:55 Fletching
37:06 Imperial Age
35:38 Bodkin Arrow
37:15 Ballistics
36:57 Padded Archer Armor
37:09 Forging
38:13 Cavalier
40:29 Chemistry
39:58 Heavy Camel Rider
42:08 Conscription
44:17 Plate Barding Armor
43:43 Bracer
45:45 Maghrebi Camels
46:43 Murder Holes
46:34 Arrowslits
50:05 Iron Casting
53:10 Blast Furnace
53:18 Light Cavalry
55:41 Leather Archer Armor
56:10 Hussar
60:00 Ring Archer Armor
59:36 Kasbah
60:57 Elite Camel Archer
62:13 Hoardings
64:38 Masonry
75:54 Stone Shaft Mining
79:08 Fortified Wall
80:12 Caravan
87:34 Thumb Ring
CTM | Kiara
7:23 Loom
9:48 Feudal Age
24:34 Castle Age
28:13 Wheelbarrow
27:55 Scale Barding Armor
27:43 Fletching
27:54 Padded Archer Armor
29:57 Bodkin Arrow
35:52 Ballistics
38:18 Hand Cart
39:33 Leather Archer Armor
39:25 Town Watch
43:29 Imperial Age
44:08 Town Patrol
44:39 Conscription
43:43 Elite Skirmisher
44:24 Double-Bit Axe
44:22 Horse Collar
45:28 Bow Saw
45:36 Bracer
46:07 Ring Archer Armor
47:49 Chemistry
48:14 Scale Mail Armor
48:24 Forging
49:48 Chain Mail Armor
52:03 Plate Mail Armor
52:09 Iron Casting
51:36 Squires
51:21 Arson
55:12 Blast Furnace
55:37 Two-Man Saw
54:52 Heavy Plow
56:11 Elite Genoese Crossbowman
72:38 Husbandry
72:54 Bloodlines
74:34 Light Cavalry
75:14 Hussar
81:29 Murder Holes
81:45 Masonry
victor_gt784
6:44 Loom
10:10 Feudal Age
16:46 Forging
18:01 Scale Barding Armor
20:27 Castle Age
20:46 Double-Bit Axe
20:43 Horse Collar
21:50 Bow Saw
21:42 Heavy Plow
26:52 Fletching
28:23 Coinage
28:24 Bodkin Arrow
28:29 Elite Skirmisher
30:25 Ballistics
41:05 Imperial Age
42:15 Bloodlines
42:06 Husbandry
43:04 Bracer
45:04 Iron Casting
53:21 Murder Holes
56:48 Chemistry
60:59 Light Cavalry
61:51 Hussar
68:02 Blast Furnace
74:10 Chain Barding Armor
Huesofeo
4:06 Loom
7:59 Loom
11:28 Feudal Age
21:16 Castle Age
19:27 Horse Collar
20:16 Stone Mining
21:52 Bloodlines
21:45 Pikeman
24:45 Elite Skirmisher
26:46 Redemption
27:12 Scale Barding Armor
29:32 Fletching
30:29 Light Cavalry
32:58 Sanctity
33:19 Forging
34:29 Atonement
37:09 Town Watch
38:02 Wheelbarrow
41:25 Imperial Age
40:08 Husbandry
40:11 Heavy Plow
40:37 Padded Archer Armor
41:31 Chain Barding Armor
42:15 Town Patrol
41:39 Capped Ram
43:23 Iron Casting
42:51 Halberdier
44:08 Hand Cart
45:12 Hussar
50:13 Gambesons
50:29 Squires
50:17 Arson
52:14 Conscription
56:04 Plate Barding Armor
56:29 Blast Furnace
55:35 Scale Mail Armor
56:36 Blast Furnace
56:58 Plate Barding Armor
58:00 Crop Rotation
58:09 Howdah
58:06 Bodkin Arrow
58:27 Chain Mail Armor
58:53 Bodkin Arrow
59:31 Man-at-Arms
61:21 Chemistry
60:41 Ballistics
60:37 Long Swordsman
61:27 Siege Engineers
62:26 Plate Mail Armor
61:22 Two-Handed Swordsman
62:47 Bracer
67:51 Champion
68:12 Elite Arambai
92:26 Masonry
Miguel de Unamano
0:26 Loom
9:05 Feudal Age
9:42 Double-Bit Axe
20:05 Horse Collar
20:17 Gold Mining
22:34 Castle Age
20:31 Horse Collar
20:42 Gold Mining
21:06 Scale Mail Armor
21:41 Forging
21:18 Arson
22:49 Eagle Warrior
23:30 Squires
23:47 Chain Mail Armor
24:07 Iron Casting
28:53 Wheelbarrow
28:50 Bow Saw
29:30 Town Watch
30:08 Hand Cart
32:31 Bow Saw
32:55 Fletching
33:08 Padded Archer Armor
34:13 Bodkin Arrow
37:42 Imperial Age
35:26 Thumb Ring
35:39 Leather Archer Armor
36:29 Leather Archer Armor
36:39 Ballistics
38:24 Heavy Plow
39:01 Conscription
38:56 Elite Plumed Archer
39:41 Bracer
40:12 Ring Archer Armor
40:50 Chemistry
41:30 Plate Mail Armor
41:12 Elite Skirmisher
42:41 Ring Archer Armor
42:20 Hul'che Javelineers
43:51 Blast Furnace
43:29 Elite Eagle Warrior
44:44 Holcans
46:19 Pikeman
55:48 Crossbowman
57:23 Crop Rotation
56:30 Arbalester
59:34 Two-Man Saw
66:06 Murder Holes
68:44 Treadmill Crane
69:15 Masonry
70:55 Man-at-Arms
93:11 Halberdier
CamiloCor
9:46 Feudal Age
8:01 Loom
14:33 Bloodlines
21:57 Double-Bit Axe
26:58 Castle Age
24:48 Horse Collar
25:45 Scale Mail Armor
27:11 Pikeman
32:57 Chain Mail Armor
35:11 Bow Saw
37:07 Wheelbarrow
36:30 Arson
37:10 Gold Mining
41:04 Corvinian Army
41:17 Elite Skirmisher
42:03 Thumb Ring
48:07 Imperial Age
45:37 Fletching
54:19 Halberdier
56:44 Scale Barding Armor
58:22 Two-Man Saw
57:33 Cavalier
58:13 Husbandry
60:56 Heavy Plow
61:44 Chain Barding Armor
65:18 Paladin
68:19 Plate Barding Armor
68:05 Capped Ram
72:21 Crop Rotation
72:13 Light Cavalry
78:56 Hand Cart
Connection lost

Rejoining the realm…

Still unreachable

The connection could not be restored.

Session expired

The server has moved on; the page needs a fresh start.